 Dungeon Crawl Stone Soup version 0.20-a0-513-g02c11fc (webtiles) character file.

175 Klosterheim the Chopper (level 5, -4/69 HPs)
             Began as a Draconian Warper on Jan 22, 2017.
             Slain by a worker ant (6 damage)
             ... on level 4 of the Dungeon.
             The game lasted 00:05:46 (3770 turns).

Klosterheim the Chopper (Draconian Warper)          Turns: 3770, Time: 00:05:47

Health: -4/69      AC:  5    Str: 18    XL:     5   Next: 29%
Magic:  8/8        EV: 12    Int: 19    God:
Gold:   132        SH:  0    Dex: 11    Spells: 4/8 levels left

rFire    . . .     SeeInvis .   a - +0 hand axe
rCold    . . .     Gourm    .   (armour unavailable)
rNeg     . . .     Faith    .   (no shield)
rPois    .         Spirit   .   (helmet restricted)
rElec    .         Reflect  .   (no cloak)
rCorr    .         Harm     .   (no gloves)
MR       .....                  (no boots)
Stlth    ..........             (no amulet)
Regen    0.3/turn               (no ring)
                                (no ring)

@: brilliant, berserking (expiring), lethally poisoned (-4 -> -8), very slightly
contaminated, hasted, invisible, very quick
A: unfitting armour, cold-blooded, AC +5
a: no special abilities


You were on level 4 of the Dungeon.
You were not hungry.

You visited 1 branch of the dungeon, and saw 4 of its levels.

You collected 132 gold pieces.

Inventory:

Hand Weapons
 a - a +0 hand axe (weapon)
Missiles
 d - 5 tomahawks of dispersal (quivered)
Scrolls
 c - a scroll of blinking
 e - a scroll of enchant armour {unknown}
 g - 2 scrolls of remove curse {unknown}
 i - a scroll of fear {unknown}
 j - a scroll of noise {unknown}
 k - a scroll of magic mapping {unknown}
 n - a scroll of fog {unknown}
 q - a scroll of recharging {unknown}
Potions
 o - a potion of haste
 t - a potion of cancellation {unknown}
 v - a potion of heal wounds {unknown}
Books
 b - a book of Spatial Translocations

   Spells                             Type                      Level
   a - Blink                          Translocation                2
   b - Shroud of Golubria             Charms/Translocation         2
   c - Lesser Beckoning               Translocation                3
   d - Portal Projectile              Translocation                3
   e - Teleport Other                 Translocation                3
   f - Passage of Golubria            Translocation                4
Comestibles
 f - 4 bread rations
 m - a meat ration
 p - 4 fruits
 u - a royal jelly


   Skills:
 + Level 4.2 Fighting
 * Level 4.4 Axes
 - Level 0.8 Throwing
 - Level 2.1 Dodging
 - Level 2.0 Spellcasting
 - Level 3.0 Translocations


You had 4 spell levels left.
You knew the following spells:

 Your Spells              Type           Power        Failure   Level  Hunger
a - Shroud of Golubria    Chrm/Tloc      ###.......   1%          2    ###....
b - Blink                 Tloc           N/A          1%          2    ###....


Dungeon Overview and Level Annotations

Branches:
Dungeon (4/15)
 Temple: D:4-7

Altars:
Fedhas

Annotations:
D:2 Jessica, Sigmund
D:4 gamerape's ghost, amateur OgCK


Innate Abilities, Weirdness & Mutations

Your plain brown scales are hard. (AC +5)
You cannot fit into any form of body armour.
You are cold-blooded and may be slowed by cold attacks.


Message History

The worker ant is severely wounded.
* * * LOW HITPOINT WARNING * * *
You feel sick.
You barely miss the worker ant. You tail-slap the worker ant.
You kill the worker ant!
You barely miss the worker ant. The worker ant closely misses you.
* * * LOW HITPOINT WARNING * * *
You feel sick.
You feel a strong urge to attack something.
You barely miss the worker ant.
* * * LOW HITPOINT WARNING * * *
You feel sick. The worker ant barely misses you.
You slash the worker ant! You tail-slap the worker ant.
The worker ant is heavily wounded.
* * * LOW HITPOINT WARNING * * *
You feel sick.
You barely miss the worker ant.
The worker ant is heavily wounded.
The worker ant bites you.
You die...

################
#..............
#.#..........#
#.#..[.......#### ####
####+#.............#### ....
#.....................##....
#........>.@a..........'....
#..........####..<..#.##....
#..........'a.#.....#.# ...#
#..........##a#.....#.# ...#
#..........##.#.###.#.##...#
#..........##.#.............
#..........##.####..........
..........##...a...........
.........######...........


You could see a worker ant.

Vanquished Creatures
  Ijyb (D:3)
  2 worker ants (D:4)
  An adder (D:2)
  An ooze (D:3)
  A worm (D:3)
  A dart slug (D:1)
  3 leopard geckos
  4 orcs
  4 giant cockroaches
  13 goblins
  6 hobgoblins
  2 jackals (D:1)
  8 kobolds
  4 quokkas
  9 bats
  7 frilled lizards
  6 rats
73 creatures vanquished.

Notes
Turn   | Place    | Note
-------+----------+-------------------------------------------
     0 | D:1      | Klosterheim the Draconian Warper began the quest for the Orb.
     0 | D:1      | Reached XP level 1. HP: 17/17 MP: 3/3
   180 | D:1      | Reached XP level 2. HP: 18/25 MP: 5/5
  1016 | D:1      | Reached XP level 3. HP: 27/31 MP: 6/6
  1255 | D:2      | Noticed Jessica
  1805 | D:2      | Learned a level 2 spell: Shroud of Golubria
  1808 | D:2      | Learned a level 2 spell: Blink
  1852 | D:2      | Noticed Sigmund
  2019 | D:3      | Noticed Ijyb
  2034 | D:3      | Killed Ijyb
  2034 | D:3      | Reached XP level 4. HP: 31/39 MP: 7/7
  2758 | D:3      | Found a blossoming altar of Fedhas.
  3428 | D:4      | Noticed gamerape's ghost (amateur OgCK)
  3543 | D:4      | Reached XP level 5. HP: 24/46 MP: 8/8
  3768 | D:4      | HP: 3/69 [poisoned by a worker ant]
  3770 | D:4      | Slain by a worker ant

Vault maps used:
D:1:      lightli_arrival_statue_moat
D:2:      marbit_many_paths, lemuel_crystal_altar, uniq_sigmund, uniq_natasha,
          uniq_jessica
D:3:      kennysheep_the_goblin_king, old_standard_altar,
          serial_co_window_serial, co_window_corner_a, co_window_paths_a,
          co_window_corner_a, co_window_corner_a, co_window_paths_a,
          co_window_broadway_b, co_window_of_opportunity_b,
          co_window_of_opportunity_c, co_window_broadway_b,
          co_window_broadway_a, co_window_corner_b, co_window_paths_e,
          co_window_paths_d, glass_columns_a, glass_columns_b, glass_columns_a
D:4:      first_bread, uniq_purgy

Skill      XL: |  1  2  3  4 |
---------------+-------------+-----
Fighting       | 3 4 |  4.2
Axes           | 3 4 |  4.4
Throwing       | |  0.8
Dodging        | |  2.1
Spellcasting   | |  2.0
Translocations | |  3.0

Action                   |  1- 3 |  4- 6 || total
-------------------------+-------+-------++-------
Melee: Hand axe          |   164 |   111 ||   275
       Tailslap          |    14 |    15 ||    29
  Use: Potion            |       |     4 ||     4
 Stab: Sleeping          |     1 |       ||     1
  Eat: Chunk             |     3 |     6 ||     9
Armor: Skin              |    93 |    24 ||   117
Dodge: Dodged            |   159 |    68 ||   227
